 Dungeon Crawl Stone Soup version 0.31-a0-222-gefeffbb62a (webtiles) character file.

Game seed: 4302579880135085165

12668 qw the Fighter (level 11, -7/111 HPs)
             Began as a Minotaur Hexslinger on July 4, 2023.
             Was a Follower of Okawaru.
             Mangled by an elephant (12 damage)
             ... on level 1 of the Lair of Beasts.
             The game lasted 00:03:10 (8735 turns).

qw the Fighter (Minotaur Hexslinger)                Turns: 8735, Time: 00:03:11

Health: -7/111     AC: 11    Str: 18    XL:     11   Next: 65%
Magic:  11/11      EV: 21    Int: 10    God:    Okawaru [*.....]
Gold:   908        SH:  5    Dex: 17    Spells: 11/12 levels left

rFire   . . .        g - +0 shortbow
rCold   . . .        (shield currently unavailable)
rNeg    . . .        b - +1 leather armour {rF+}
rPois   +            e - +2 hat
rElec   .            h - scarf {repulsion}
rCorr   .            (no gloves)
SInv    .            a - +0 pair of boots
Will    .....        j - amulet of reflection
Stlth   +            l - ring "Petoli" {*Corrode rPois rF- AC+4 Str+5}
HPRegen 0.38/turn    o - +5 ring of evasion
MPRegen 0.12/turn

%: corrode self (3%), repel missiles, reflection
@: no status effects
A: horns 2, retaliatory headbutt
a: Renounce Religion, Heroism


You were on level 1 of the Lair of Beasts.
You worshipped Okawaru.
Okawaru was aware of your devotion.
You visited 3 branches of the dungeon, and saw 12 of its levels.

You collected 1433 gold pieces.
You spent 525 gold pieces at shops.


Innate Abilities, Weirdness & Mutations

You have a pair of horns on your head.
You reflexively headbutt those who attack you in melee.


   Skills:
 - Level 14.5 Fighting
 - Level 14.0 Ranged Weapons
 - Level 4.5 Armour
 + Level 8.3 Dodging
 - Level 1.0 Spellcasting
 - Level 2.0 Hexes
 - Level 0.9 Invocations


You had 11 spell levels left.
You knew the following spells:

 Your Spells              Type           Power      Damage    Failure   Level
a - Slow                  Hex            16%        N/A       19%         1

Your spell library contained the following spells:

 Spells                   Type           Power      Damage    Failure   Level
 Inner Flame              Hex/Fire       2%         N/A       63%         3
 Portal Projectile        Hex/Tloc       4%         N/A       63%         3
 Cause Fear               Hex            2%         N/A       87%         4

Inventory:

Hand Weapons
 g - a +0 shortbow (weapon)
 m - the +10 longbow of Vanity {antimagic, rF+ Int+3}
   (You found it on level 2 of the Dungeon)

   Int:       It affects your intelligence (+3).
   rF:        It protects you from fire.
Armour
 a - a +0 pair of boots (worn)
 b - a +1 leather armour of fire resistance (worn)
 e - a +2 hat (worn)
 h - a scarf of repulsion (worn)
 r - a +0 cloak
 s - a +3 leather armour of poison resistance
 u - the +1 leather armour "Fixeitim" {Dex+2}
   (You bought it in a shop on level 10 of the Dungeon)

   Dex:       It affects your dexterity (+2).
Jewellery
 j - an amulet of reflection (around neck)
 l - the ring "Petoli" (left hand) {*Corrode rPois rF- AC+4 Str+5}
   (You found it on level 2 of the Dungeon)

   [ring of protection]

   AC:        It affects your AC (+4).
   Str:       It affects your strength (+5).
   rF:        It makes you vulnerable to fire.
   rPois:     It protects you from poison.
   *Corrode:  It may corrode you when you take damage.
 o - a +5 ring of evasion (right hand)
 p - a ring of fire
 t - a ring of protection from fire
 Y - a +4 ring of slaying {mikee}
Scrolls
 n - 8 scrolls of identify
Potions
 c - 2 potions of mutation
 d - 3 potions of enlightenment
 f - 2 potions of haste
 k - a potion of might

Dungeon Overview and Level Annotations

Branches:
Dungeon (10/15)            Temple (1/1) D:4            Lair (1/5) D:9
    Orc: D:9-12

Altars:
Ashenzari
Cheibriados
Dithmenos
Elyvilon
Fedhas
Gozag
Hepliaklqana
Kikubaaqudgha
Makhleb
Nemelex Xobeh
Okawaru
Qazlal
Ru
Sif Muna
Trog
Uskayaw
Vehumet
Wu Jian
Xom
Yredelemnul
Zin
The Shining One
Jiyva

Shops:
D:6 (*   D:7 *   D:10 [

Annotations:
D:2 1 runed translucent door, Crazy Yiuf
D:9 2 transporters


Message History

The elephant tramples you but does no damage.
The elephant completely misses you. The elephant barely misses you.
The elephant closely misses you. The elephant completely misses you.
You furiously retaliate!
You headbutt the elephant! The elephant trunk-slaps you.
You shoot an arrow.
The arrow hits the elephant but does no damage.
The elephant is severely wounded.
You shoot an arrow.
The arrow hits the elephant but does no damage.
The elephant is severely wounded.
The elephant barely misses you. x2; The elephant completely misses you.
The elephant trunk-slaps you but does no damage.
The elephant tramples you.
You hold your ground!
The elephant misses you.
You shoot an arrow. The arrow hits the elephant!
The elephant is almost dead.
The elephant misses you. You furiously retaliate!
You headbutt the elephant. The elephant barely misses you.
You block the elephant's attack. The elephant misses you.
The elephant tramples you.
You hold your ground!
The elephant barely misses you.
You shoot an arrow.
The arrow hits the elephant but does no damage.
The elephant is almost dead.
You shoot an arrow.
The arrow hits the elephant but does no damage.
The elephant is almost dead.
The elephant tramples you.
You hold your ground!
The elephant trunk-slaps you but does no damage.
The elephant completely misses you. You furiously retaliate!
You headbutt the elephant, but do no damage.
The elephant closely misses you. The elephant completely misses you.
The elephant misses you.
You shoot an arrow. The arrow hits the elephant!
You kill the elephant!
Okawaru is honoured by your kill.
You can now gain great but temporary skills.
The elephant misses you.
The elephant trunk-slaps you but does no damage.
The elephant tramples you!
You die...

#.......................
#.......................
#.......................
#.......##.###########.#
#.......# ## ###
#.......# #.......#
#.....YY# #.....Y@#
#.......# #....>..#
#........ #.......#
........# #.....>.#
#........


You could see 3 elephants.

Vanquished Creatures
  2 two-headed ogres
  Amaemon (D:9)
  Pikel (D:7)
  2 elephants (Lair:1)
  An orange demon (D:9)
  An unseen horror (D:8)
  A komodo dragon (Lair:1)
  A hornet (D:8)
  4 blink frogs (Lair:1)
  Sigmund (D:3)
  2 wyverns
  18 yaks
  A spriggan (D:8)
  A steam dragon (D:7)
  An acid dragon (D:8)
  3 water moccasins
  3 orc warriors
  A sky beast (D:7)
  3 ice beasts
  2 centaurs
  A lemure (D:7)
  2 kobold brigands
  2 bullfrogs
  2 gnoll sergeants
  A scorpion (Lair:1)
  5 wights (D:6)
  11 killer bees
  A howler monkey (D:6)
  6 hounds
  A gnoll bouda (D:6)
  2 orc priests
  A jelly (D:5)
  A sleepcap (D:4)
  Jessica (D:2)
  5 iguanas
  7 orc wizards
  4 adders
  15 gnolls
  A shadow imp (D:6)
  A white imp (D:8)
  A worm (D:3)
  24 orcs
  7 endoplasms
  6 giant cockroaches
  15 goblins
  13 hobgoblins
  2 jackals (D:2)
  7 kobolds
  7 quokkas
  10 ball pythons
  2 bats (D:2)
  2 frilled lizards
  3 rats
219 creatures vanquished.

Notes
Turn   | Place    | Note
-------+----------+-------------------------------------------
     0 | D:1      | qw the Minotaur Hexslinger began the quest for the Orb.
     0 | D:1      | Reached XP level 1. HP: 16/16 MP: 1/1
     0 | D:1      | 0 ||| qw: Version: 0.3-a-46-gb1f654a
     0 | D:1      | 0 ||| qw: Game counter: 854
     0 | D:1      | 0 ||| qw: Melee chars always use a shield: true
     0 | D:1      | 0 ||| qw: God list: Okawaru
     0 | D:1      | 0 ||| qw: Allow faded altars: false
     0 | D:1      | 0 ||| qw: Do Orc after clearing Dungeon:15 true
     0 | D:1      | 0 ||| qw: Do second Lair branch before Depths: true
     0 | D:1      | 0 ||| qw: Lair rune preference: random
     0 | D:1      | 0 ||| qw: Goals: Normal
     0 | D:1      | 0 ||| PLANNING D:1-11
   160 | D:1      | Reached skill level 3 in Ranged Weapons
   207 | D:1      | Reached XP level 2. HP: 23/23 MP: 2/2
   338 | D:1      | 338 ||| READING scroll labelled UHOGOSSEYTY.
   339 | D:1      | 339 ||| READING scroll labelled PABBOSA SUVUCK.
   340 | D:1      | 340 ||| DROPPING scroll of poison.
   445 | D:1      | Reached XP level 3. HP: 29/29 MP: 3/3
   496 | D:1      | 496 ||| READING scroll labelled DATTIU GULINAT.
   497 | D:1      | 497 ||| Stepping ~*~*~tactically~*~*~ (water).
   775 | D:1      | 775 ||| UPGRADING to +0 pair of boots.
   780 | D:1      | 780 ||| READING scroll labelled XYSCHE CAXUOCEI.
   975 | D:2      | Noticed Jessica
   984 | D:2      | Killed Jessica
   985 | D:2      | Reached XP level 4. HP: 17/36 MP: 4/4
  1220 | D:2      | Found a faded altar of an unknown god.
  1424 | D:2      | Identified the ring "Petoli" {*Corrode rPois rF- AC+4
                  | Str+5}
  1456 | D:2      | Identified the +10 longbow of Vanity {antimagic, rF+ Int+3}
  1458 | D:2      | 1458 ||| SWAPPING to +10 longbow of Vanity {antimagic, rF+
                  | Int+3}.
  1459 | D:2      | 1459 ||| DROPPING +1 sling.
  1549 | D:2      | Found a runed translucent door.
  1550 | D:2      | Noticed Crazy Yiuf
  1843 | D:2      | 1843 ||| UPGRADING to scarf of repulsion.
  1848 | D:2      | 1848 ||| UPGRADING to +0 leather armour.
  1858 | D:2      | 1858 ||| DROPPING +0 robe.
  1859 | D:2      | 1859 ||| UPGRADING to ring "Petoli" {*Corrode rPois rF-
                  | AC+4 Str+5}.
  1860 | D:2      | 1860 ||| READING scroll labelled GEUCID BIVU.
  1860 | D:2      | Identified a scroll of acquirement
  1860 | D:2      | 1860 ||| ACQUIRING +0 ring mail "Cifaoq" {Int+7}
  1860 | D:2      | Acquired the +0 ring mail "Cifaoq" {Int+7}
  1862 | D:2      | 1862 ||| UPGRADING to +0 ring mail "Cifaoq" {Int+7}.
  1872 | D:2      | 1872 ||| DROPPING +0 leather armour.
  1873 | D:2      | 1873 ||| READING scroll labelled KEIQAGHUF RUFRALIJ.
  1874 | D:2      | 1874 ||| READING scroll labelled VEOKLU UNOSOFAKE.
  1875 | D:2      | 1875 ||| READING scroll labelled SEWKUT POUSHRUIPEU.
  1876 | D:2      | 1876 ||| READING scroll labelled YREIFR FAOSM.
  1877 | D:2      | 1877 ||| DRINKING 2 viscous inky potions.
  1934 | D:3      | Found a bloodstained altar of Trog.
  2189 | D:3      | Noticed Sigmund
  2193 | D:3      | Killed Sigmund
  2194 | D:3      | Reached XP level 5. HP: 41/41 MP: 1/5
  2399 | D:3      | Reached XP level 6. HP: 50/50 MP: 2/6
  2836 | D:3      | 2836 ||| DROPPING ring of wizardry.
  2837 | D:3      | 2837 ||| READING scroll labelled ECETWY QOYNI.
  2838 | D:3      | 2838 ||| DRINKING 2 brown potions.
  2839 | D:3      | 2839 ||| READING 2 scrolls of identify.
  2839 | D:3      | 2839 ||| IDENTIFYING fuming orange potion
  2840 | D:3      | 2840 ||| DROPPING potion of brilliance.
  2907 | D:4      | Reached skill level 3 in Fighting
  3108 | D:4      | Found a staircase to the Ecumenical Temple.
  3109 | D:4      | 3109 ||| PLANNING TEMPLE
  3153 | D:4      | Found a shadowy altar of Dithmenos.
  3154 | D:4      | 3154 ||| READING 2 scrolls of identify.
  3154 | D:4      | 3154 ||| IDENTIFYING purple potion
  3180 | Temple   | Entered the Ecumenical Temple
  3294 | Temple   | 3294 ||| PLANNING D:1-11
  3441 | D:5      | Entered Level 5 of the Dungeon
  3471 | D:5      | Reached skill level 6 in Ranged Weapons
  3580 | D:5      | Reached XP level 7. HP: 59/59 MP: 2/7
  3597 | D:5      | Found an opulent altar of Gozag.
  4065 | D:5      | 4065 ||| UPGRADING to amulet of reflection.
  4070 | D:5      | 4070 ||| UPGRADING to +4 ring of slaying {mikee}.
  4071 | D:5      | 4071 ||| DRINKING 2 amethyst potions.
  4076 | D:6      | Found a sacrificial altar of Ru.
  4076 | D:6      | Found a shimmering altar of Xom.
  4076 | D:6      | Found a snail-covered altar of Cheibriados.
  4076 | D:6      | Found a stormy altar of Qazlal.
  4076 | D:6      | Found a glowing golden altar of the Shining One.
  4076 | D:6      | Found a white marble altar of Elyvilon.
  4077 | D:6      | Found a shimmering blue altar of Sif Muna.
  4141 | D:6      | Found Luxosso's Lightly-Used Armoury.
  4163 | D:6      | Noticed a yak
  4163 | D:6      | Noticed a yak
  4166 | D:6      | Noticed a yak
  4169 | D:6      | Killed a yak
  4171 | D:6      | Killed a yak
  4176 | D:6      | Killed a yak
  4177 | D:6      | Reached XP level 8. HP: 58/69 MP: 2/8
  4322 | D:6      | Reached skill level 9 in Ranged Weapons
  4323 | D:6      | Reached skill level 3 in Dodging
  4410 | D:6      | Found Mitzuxo's Weapon Shop.
  4488 | D:6      | Reached skill level 6 in Fighting
  4773 | D:6      | 4773 ||| READING scroll labelled RUOKOXOA LOMIKH.
  4774 | D:6      | 4774 ||| DRINKING 3 bubbling golden potions.
  4775 | D:6      | 4775 ||| DRINKING 2 murky clear potions.
  4776 | D:6      | 4776 ||| READING 5 scrolls of identify.
  4776 | D:6      | 4776 ||| IDENTIFYING black potion
  4777 | D:6      | 4777 ||| READING 4 scrolls of identify.
  4777 | D:6      | 4777 ||| IDENTIFYING bubbling clear potion
  4778 | D:6      | 4778 ||| READING 3 scrolls of identify.
  4778 | D:6      | 4778 ||| IDENTIFYING emerald potion
  4779 | D:6      | 4779 ||| READING 2 scrolls of identify.
  4779 | D:6      | 4779 ||| IDENTIFYING bubbling black potion
  4780 | D:6      | 4780 ||| DRINKING potion of experience.
  4780 | D:6      | Reached XP level 9. HP: 96/96 MP: 3/9
  4781 | D:6      | 4781 ||| DROPPING potion of magic.
  4782 | D:6      | 4782 ||| DROPPING 2 potions of attraction.
  4783 | D:6      | 4783 ||| DROPPING potion of invisibility.
  4854 | D:7      | 4854 ||| Stepping ~*~*~tactically~*~*~ (outnumbered).
  4855 | D:7      | Noticed a two-headed ogre
  4856 | D:7      | 4856 ||| Stepping ~*~*~tactically~*~*~ (outnumbered).
  4857 | D:7      | 4857 ||| Stepping ~*~*~tactically~*~*~ (outnumbered).
  4859 | D:7      | 4859 ||| DRINKING potion of curing.
  4859 | D:7      | 4859 ||| (to cure confusion)
  4867 | D:7      | Killed a two-headed ogre
  4868 | D:7      | Reached XP level 10. HP: 101/104 MP: 3/10
  5065 | D:7      | 5065 ||| Stepping ~*~*~tactically~*~*~ (cloud).
  5066 | D:7      | 5066 ||| Stepping ~*~*~tactically~*~*~ (cloud).
  5122 | D:7      | Noticed Pikel
  5129 | D:7      | Killed Pikel
  5266 | D:7      | Found Istreg's General Store.
  5272 | D:7      | 5272 ||| BUYING potion of mutation (96 gold).
  5272 | D:7      | Bought a potion of mutation for 96 gold pieces
  5282 | D:7      | 5282 ||| Stepping ~*~*~tactically~*~*~ (outnumbered).
  5286 | D:7      | 5286 ||| FLEEEEING.
  5504 | D:7      | 5504 ||| UPGRADING to +0 steam dragon scales.
  5514 | D:7      | 5514 ||| DROPPING +0 ring mail "Cifaoq" {Int+7}.
  5641 | D:8      | 5641 ||| FLEEEEING.
  5651 | D:8      | Reached skill level 12 in Ranged Weapons
  5651 | D:8      | HP: 23/104 [yak (6)]
  5652 | D:8      | 5652 ||| DRINKING potion of heal wounds.
  5657 | D:8      | Reached skill level 6 in Dodging
  5977 | D:8      | Reached XP level 11. HP: 111/111 MP: 3/11
  6162 | D:8      | 6162 ||| UPGRADING to +1 leather armour of fire resistance.
  6172 | D:8      | 6172 ||| UPGRADING to +2 hat.
  6309 | D:9      | 6309 ||| READING scroll of acquirement.
  6309 | D:9      | 6309 ||| ACQUIRING 609 gold pieces
  6309 | D:9      | Acquired 609 gold pieces
  6448 | D:9      | Noticed Amaemon
  6458 | D:9      | Killed Amaemon
  6590 | D:9      | Identified the +3 whip of the Gloaming {protect, Will+}
  6617 | D:9      | Found a staircase to the Lair.
  6709 | D:9      | Found an ornate altar of the Wu Jian Council.
  6780 | D:9      | Found a transporter.
  6782 | D:9      | Found a transporter.
  6786 | D:9      | Found a glowing silver altar of Zin.
  6794 | D:9      | Found a viscous altar of Jiyva.
  6884 | D:9      | 6884 ||| DROPPING +4 ring of protection.
  6885 | D:9      | 6885 ||| UPGRADING to +5 ring of evasion.
  6887 | D:9      | 6887 ||| DROPPING +6 ring of intelligence.
  6896 | D:10     | Entered Level 10 of the Dungeon
  7045 | D:10     | Found an iron altar of Okawaru.
  7046 | D:10     | 7046 ||| PLANNING OKAWARU WORSHIP
  7056 | D:10     | Became a worshipper of Warmaster Okawaru
  7057 | D:10     | 7057 ||| PLANNING D:1-11
  7066 | D:10     | Noticed a two-headed ogre
  7067 | D:10     | 7067 ||| SWAPPING to +0 shortbow.
  7068 | D:10     | 7068 ||| FLEEEEING.
  7069 | D:10     | 7069 ||| FLEEEEING.
  7070 | D:10     | 7070 ||| FLEEEEING.
  7071 | D:10     | 7071 ||| FLEEEEING.
  7079 | D:10     | Killed a two-headed ogre
  7143 | D:10     | Found Qoilaj's Antique Armour Shoppe.
  7147 | D:10     | 7147 ||| BUYING cloak (117 gold).
  7147 | D:10     | Bought a cloak for 117 gold pieces
  7147 | D:10     | 7147 ||| BUYING glowing leather armour (130 gold).
  7147 | D:10     | Bought a glowing leather armour for 130 gold pieces
  7147 | D:10     | 7147 ||| BUYING spiked leather armour (182 gold).
  7147 | D:10     | Bought a spiked leather armour for 182 gold pieces
  7147 | D:10     | Identified the +1 leather armour "Fixeitim" {Dex+2} (You
                  | bought it in a shop on level 10 of the Dungeon)
  7256 | D:10     | Found a hazy altar of Hepliaklqana.
  7256 | D:10     | Found an ancient bone altar of Kikubaaqudgha.
  7364 | D:10     | Reached * piety under Okawaru
  7365 | D:10     | 7365 ||| INVOKING Heroism.
  7379 | D:10     | 7379 ||| INVOKING Heroism.
  7700 | D:10     | 7700 ||| Stepping ~*~*~tactically~*~*~ (outnumbered).
  7707 | D:10     | 7707 ||| DRINKING potion of curing.
  7707 | D:10     | 7707 ||| (to cure confusion)
  7869 | D:10     | 7869 ||| PLANNING LAIR
  7869 | D:10     | 7869 ||| DROPPING +0 steam dragon scales.
  7924 | Lair:1   | Entered Level 1 of the Lair of Beasts
  7937 | Lair:1   | 7937 ||| INVOKING Heroism.
  7951 | Lair:1   | 7951 ||| FLEEEEING.
  7952 | Lair:1   | 7952 ||| STAIRDANCE
  8033 | Lair:1   | 8033 ||| INVOKING Heroism.
  8166 | Lair:1   | 8166 ||| INVOKING Heroism.
  8240 | Lair:1   | 8240 ||| INVOKING Heroism.
  8244 | Lair:1   | HP: 18/111 [elephant (12)]
  8245 | Lair:1   | 8245 ||| READING scroll of teleportation.
  8246 | Lair:1   | HP: 7/111 [elephant (11)]
  8441 | Lair:1   | 8441 ||| FLEEEEING.
  8442 | Lair:1   | 8442 ||| FLEEEEING.
  8443 | Lair:1   | 8443 ||| FLEEEEING.
  8444 | Lair:1   | 8444 ||| FLEEEEING.
  8453 | Lair:1   | 8453 ||| STAIRDANCE
  8726 | Lair:1   | HP: 18/111 [elephant (12)]
  8731 | Lair:1   | HP: 13/111 [elephant (2)]
  8734 | Lair:1   | HP: 5/111 [elephant (6)]
  8735 | Lair:1   | Mangled by an elephant

Levels and vault maps discovered:
D:1:      minmay_arrival_open_corners, layout_loops_corners, serial_bayou,
          serial_bayou_pond_b, serial_bayou_lake_a, serial_bayou_lagoon_a,
          serial_bayou_pond_b, corexii_leaking_fountain
D:2:      layout_basic, shapermc_ecumenical_altar_petra,
          uniq_crazy_yiuf_cottage, uniq_jessica
D:3:      layout_basic, mainiacjoe_overflow_24_doors, minivault_5, uniq_sigmund
D:4:      layout_rooms, kennysheep_mini, temple_pool_b
D:5:      layout_loops_ring, nicolae_gozag_cash_rules_everything_around_me
D:6:      layout_loops_ring, grunt_temple_overflow_open, serial_shops,
          nicolae_shop_waterfront, minmay_shop_damaged,
          kennysheep_generic_room_12
D:7:      layout_loops_cross, serial_shops, shop, amethyst_killhole, uniq_pikel
D:8:      layout_rooms, the_hattery
D:9:      gammafunk_jiyva_shrine, layout_cave_pods,
          nicolae_wu_jian_immortal_techniques, zin_scriptorium,
          lair_entry_dummy, uniq_amaemon
D:10:     layout_loops_ring, mainiacjoe_overflow_small_starburst,
          gammafunk_temple_overflow_pools, serial_shops, shop
Temple:   nicolae_temple_superstar
Lair:1:   layout_big_grid, nicolae_volcano_entry_batcave

Skill      XL: |  1  2  3  4  5  6  7  8  9 10 11 |
---------------+----------------------------------+-----
Ranged Weapons | 3 4 5 6 8 10 12 14 | 14.0
Fighting       | 2 4 5 14 | 14.5
Armour         | 4 |  4.5
Dodging        | 3 5 6 8 |  8.3
Spellcasting   | |  1.0
Hexes          | |  2.0
Invocations    | |  0.9

Action                     |  1- 3 |  4- 6 |  7- 9 | 10-12 || total
---------------------------+-------+-------+-------+-------++-------
   Fire: Sling             |    90 |    54 |       |       ||   144
         Longbow           |       |    73 |    72 |   168 ||   313
         Shortbow          |       |       |       |   197 ||   197
 Invoke: Heroism           |       |       |       |     6 ||     6
    Use: Scroll            |     4 |     8 |     5 |     2 ||    19
         Potion            |       |     2 |     5 |     2 ||     9
 Armour: Robe              |     5 |     5 |       |       ||    10
         Ring mail         |       |     2 |    13 |       ||    15
         Steam dragon scal |       |       |       |    17 ||    17
         Leather armour    |       |       |       |    43 ||    43
  Dodge: Dodged            |    18 |    16 |    19 |   206 ||   259
  Block: Other             |       |       |     6 |    53 ||    59
         Reflection        |       |       |       |     2 ||     2

Table legend:
 A = Non-vault XP
 B = Vault XP
 C = Vault XP percentage of total XP
 D = Non-vault monster count
 E = Vault monster count
 F = Vault count percentage of total count
                 A         B        C        D         E       F
            +---------+---------+-------+---------+---------+-------
      Total |   13774 |    2331 |  14.5 |     200 |      18 |   8.3
            +---------+---------+-------+---------+---------+-------
        D:1 |      44 |      17 |  27.9 |      23 |      10 |  30.3
        D:2 |      50 |      37 |  42.5 |      22 |       1 |   4.3
        D:3 |      33 |     214 |  86.6 |      11 |       1 |   8.3
        D:4 |     201 |       0 |   0.0 |      13 |       0 |   0.0
        D:5 |     271 |       0 |   0.0 |      10 |       0 |   0.0
        D:6 |    1611 |      43 |   2.6 |      23 |       2 |   8.0
        D:7 |    2038 |     607 |  22.9 |      23 |       1 |   4.2
        D:8 |    3532 |     205 |   5.5 |      31 |       1 |   3.1
        D:9 |     640 |    1208 |  65.4 |      13 |       2 |  13.3
       D:10 |    2708 |       0 |   0.0 |      22 |       0 |   0.0
     Lair:1 |    2646 |       0 |   0.0 |       9 |       0 |   0.0
            +---------+---------+-------+---------+---------+-------
